AoeStats
← bapuji

Arena

504121470Analyzed
4v4 RM · 28d ago on Sep 4, 2026· 28m 28s· 8 players
Game mode
Random Map
Map size
Large (8 player)
Population
200
Speed
Normal
Resources
Standard
Victory
Conquest
Starting age
Dark Age
Ending age
Imperial Age
RankedLock teamsTeams togetherTeam positionsShared explorationLock speedFull tech treeHidden civsTurbo modeCheats
Victory
Defeat
🇨🇱 Spanish · Chile
785
+16
🇫🇷 Britons · France
774
+13
🇨🇱 Portuguese · Chile
773
+14
🇮🇳 Koreans · India
626
+19
🇺🇸 Bohemians · United States
749
-16
🇦🇷 Byzantines · Argentina
744
-16
🇨🇴 Bulgarians · Colombia
688
-14
🇲🇽 Franks · Mexico
653
-12
RESIST
5:43 Loom
12:22 Feudal Age
13:45 Wheelbarrow
12:58 Double-Bit Axe
12:57 Horse Collar
20:10 Castle Age
21:18 Hand Cart
21:21 Bow Saw
25:13 Heavy Plow
fabianfun
2:50 Loom
11:21 Feudal Age
12:47 Wheelbarrow
12:06 Double-Bit Axe
20:40 Castle Age
20:22 Stone Mining
24:18 Hand Cart
o Pac Pro
14:53 Feudal Age
20:05 Castle Age
19:06 Double-Bit Axe
20:13 Scale Barding Armor
21:33 Husbandry
Livakovic
10:38 Feudal Age
11:12 Double-Bit Axe
11:12 Horse Collar
13:16 Loom
21:20 Castle Age
19:15 Gold Mining
22:47 Bow Saw
22:36 Pikeman
23:17 Squires
23:03 Arson
23:24 Elite Skirmisher
AlejandroAntoCL
10:45 Feudal Age
12:06 Loom
14:48 Castle Age
19:03 Double-Bit Axe
23:35 Padded Archer Armor
26:07 Wheelbarrow
28:32 Horse Collar
29:04 Bow Saw
28:53 Stone Mining
BBC Enjoyer
11:11 Feudal Age
11:45 Horse Collar
15:54 Castle Age
15:04 Double-Bit Axe
16:37 Heavy Plow
16:49 Bow Saw
22:42 Fletching
23:51 Wheelbarrow
23:04 Loom
23:08 Town Watch
24:47 Bodkin Arrow
31:06 Imperial Age
28:58 Hand Cart
bapuji
0:42 Loom
15:18 Feudal Age
17:03 Wheelbarrow
19:02 Castle Age
17:58 Gold Mining
18:02 Stone Mining
18:13 Town Watch
18:40 Fletching
19:09 Double-Bit Axe
23:26 Horse Collar
24:50 Scale Barding Armor
25:47 Caravan
Prismuz
12:09 Feudal Age
13:46 Wheelbarrow
13:06 Horse Collar
18:08 Castle Age
16:29 Double-Bit Axe
19:26 Treadmill Crane
23:00 Hand Cart
22:34 Loom
24:00 Gold Mining
28:30 Heavy Plow
28:58 Bow Saw
Connection lost

Rejoining the realm…

Still unreachable

The connection could not be restored.

Session expired

The server has moved on; the page needs a fresh start.